 Dungeon Crawl Stone Soup version 0.29.1 (webtiles) character file.

Game seed: 6004785453093925289

2961 qw the Cleaver (level 9, 0/56 HPs)
             Began as a Gargoyle Fighter on Sept 13, 2022.
             Was a Believer of Okawaru.
             Slain by a six-headed hydra (6 damage)
             ... on level 7 of the Dungeon.
             The game lasted 00:02:42 (8405 turns).

qw the Cleaver (Gargoyle Fighter)                   Turns: 8405, Time: 00:02:42

Health: 0/56       AC: 24    Str: 24    XL:     9   Next: 81%
Magic:  4/4        EV:  8    Int:  9    God:    Okawaru [**....]
Gold:   288        SH:  5    Dex:  9    Spells: 8/8 levels left

rFire   . . .      SeeInvis .   s - +2 flail (antimagic)
rCold   . . .      Faith    .   c - +0 buckler
rNeg    + . .      Spirit   .   i - +0 plate armour
rPois   inf        Reflect  .   b - +0 helmet
rElec   +          Harm     .   (no cloak)
rCorr   .          Rampage  .   t - +0 pair of gloves
Will    ++...                   (no boots)
Stlth   ..........              (no amulet)
HPRegen 0.18/turn               x - ring of willpower
MPRegen 0.09/turn               u - ring of willpower

@: heroic
A: sickness immunity, AC +6, negative energy resistance 1, electricity
resistance, torment resistance 1, petrification resistance
a: Renounce Religion, Heroism


You were on level 7 of the Dungeon.
You worshipped Okawaru.
Okawaru was pleased with you.
You visited 2 branches of the dungeon, and saw 8 of its levels.
You also visited: Ossuary.

You collected 383 gold pieces.
You spent 95 gold pieces at shops.


Innate Abilities, Weirdness & Mutations

You are immune to sickness and miasma.
Your stone body is resilient. (AC +6)
You are immune to poison.
You resist negative energy. (rN+)
You are resistant to electric shocks. (rElec)
You are resistant to unholy torment.
You are immune to petrification.


   Skills:
 + Level 6.7(11.7) Fighting
 - Level 9.0(14.0) Axes
 - Level 2.1(7.1) Throwing
 - Level 6.2(11.2) Armour
 - Level 1.2(6.2) Dodging
 - Level 4.0(9.0) Shields
 - Level 4.2 Invocations


You had 8 spell levels left.
You didn't know any spells.
Your spell library was empty.

Inventory:

Hand Weapons
 s - a +2 antimagic flail (weapon)
 Y - a +2 war axe
Missiles
 o - 17 boomerangs
 q - 5 javelins (quivered)
Armour
 b - a +0 helmet (worn)
 c - a +0 buckler (worn)
 i - a +0 plate armour (worn)
 t - a +0 pair of gloves (worn)
Jewellery
 u - a ring of willpower (right hand)
 x - a ring of willpower (left hand)
Scrolls
 m - 3 scrolls of blinking
 n - 2 scrolls of identify
Potions
 a - a potion of lignification
 d - 3 potions of might
 e - 2 potions of attraction
 g - 3 potions of haste
 h - a potion of cancellation
 j - a potion of invisibility {unknown}
 k - 2 potions of magic
 l - a potion of curing
 p - a potion of resistance {unknown}
 r - a potion of mutation {unknown}
 v - a potion of degeneration {unknown}

Dungeon Overview and Level Annotations

Branches:
Dungeon (7/15)             Temple (1/1) D:5         Ossuary (visited)

Altars:
Ashenzari
Cheibriados
Dithmenos
Elyvilon
Fedhas
Gozag
Hepliaklqana
Kikubaaqudgha
Makhleb
Nemelex Xobeh
Okawaru
Qazlal
Ru
Sif Muna
Trog
Uskayaw
Vehumet
Wu Jian
Xom
Yredelemnul
Zin
The Shining One

Shops:
D:2 ?

Annotations:
D:5 1 runed translucent door, qw's ghost, amateur GrFi


Message History

You hit the six-headed hydra but do no damage.
The six-headed hydra bites you.
The six-headed hydra bites you but does no damage. x2
You block the six-headed hydra's attack.
The six-headed hydra bites you but does no damage. x2
You bludgeon the six-headed hydra!!
The six-headed hydra is moderately wounded.
The six-headed hydra bites you but does no damage.
The six-headed hydra bites you! x2
The six-headed hydra bites you but does no damage. x2
The six-headed hydra bites you.
You sock the six-headed hydra!
The six-headed hydra is moderately wounded.
The six-headed hydra bites you.
The six-headed hydra bites you but does no damage. x3
The six-headed hydra bites you.
The six-headed hydra bites you but does no damage.
A deep elf pyromancer comes into view.
It is wielding a +0 rapier and carrying a wand of digging (7).
8400 ||| Stepping ~*~*~tactically~*~*~ (hiding).
You hit the six-headed hydra.
The six-headed hydra is moderately wounded.
The six-headed hydra bites you! The six-headed hydra bites you.
You block the six-headed hydra's attack. x2
The six-headed hydra bites you but does no damage. x2
You hit the six-headed hydra.
The six-headed hydra is heavily wounded.
The six-headed hydra bites you but does no damage.
The six-headed hydra closely misses you.
The six-headed hydra bites you but does no damage. x3
The six-headed hydra bites you.
You hit the six-headed hydra.
The six-headed hydra is heavily wounded.
The six-headed hydra bites you but does no damage. x4
You block the six-headed hydra's attack. x2
You sock the six-headed hydra!
The six-headed hydra is heavily wounded.
You sock the six-headed hydra!
The six-headed hydra is almost dead.
The six-headed hydra bites you. x2
You die...

## ##..#...#
##..#.#. # ####
##..#.. ##.
#)|.# ###.##
#.##..:..
#..#..
#.#e.....
##...# #ST..e#
##)#.# #D#
#..#.. #@##
.##...# ##.##
.# ##)##
##.#####.#
#..#.. ##.....#
#..#.#.
###.####..#####
#..#..#..###.##
#.....#.###...#
##...#.#.#:.#.)
#.....#.###...#


You could see a six-headed hydra, a deep elf pyromancer, a troll and a water
moccasin.

Vanquished Creatures
  A wyvern (D:7)
  2 water moccasins
  A sky beast (D:6)
  An ice beast (D:7)
  A black bear (D:6)
  An ogre (D:6)
  2 centaurs (D:5)
  2 phantoms
  2 elf zombies (Ossuary)
  A kobold brigand (D:7)
  A bullfrog (D:7)
  3 elf skeletons (D:6)
  A gnoll sergeant (D:7)
  5 scorpions
  A necrophage (D:7)
  3 wights
  A killer bee (D:7)
  3 human zombies (Ossuary)
  4 orc priests
  A centaur zombie (Ossuary)
  2 hounds
  Jessica (D:2)
  4 iguanas
  4 orc wizards
  3 human skeletons (D:6)
  2 mummies (Ossuary)
  8 adders
  A shadow imp (D:7)
  2 ufetubi
  2 adder zombies (Ossuary)
  4 dart slugs
  25 orcs
  4 endoplasms
  3 giant cockroaches
  6 hobgoblins
  3 jackals (D:1)
  2 quokkas
  5 ball pythons
  4 bats
  2 frilled lizards (D:2)
  11 goblins
  A goblin zombie (Ossuary)
  10 hobgoblin zombies (Ossuary)
  6 kobolds
  9 kobold zombies (Ossuary)
  8 orc zombies (Ossuary)
  3 rats (D:3)
  A rat zombie (Ossuary)
173 creatures vanquished.

Notes
Turn   | Place    | Note
-------+----------+-------------------------------------------
     0 | D:1      | qw the Gargoyle Fighter began the quest for the Orb.
     0 | D:1      | Reached XP level 1. HP: 14/14 MP: 1/1
     0 | D:1      | 0 ||| qw: Version: 0.1-a-119-g272c26d
     0 | D:1      | 0 ||| qw: Game counter: 11276
     0 | D:1      | 0 ||| qw: Always use a shield: true
     0 | D:1      | 0 ||| qw: God list: Okawaru
     0 | D:1      | 0 ||| qw: Allow faded altars: false
     0 | D:1      | 0 ||| qw: Do Orc after D:15 true
     0 | D:1      | 0 ||| qw: Do second Lair branch before Depths: true
     0 | D:1      | 0 ||| qw: Lair rune preference: random
     0 | D:1      | 0 ||| qw: Plans: Normal, Zot, God:TSO, Crypt, Tomb, Pan,
                  | Slime, Hells, Zig, Abyss, Orb
     0 | D:1      | 0 ||| PLANNING D:1-11
   155 | D:1      | 155 ||| Stepping ~*~*~tactically~*~*~ (stealth).
   162 | D:1      | Reached skill level 2 in Axes
   333 | D:1      | Reached XP level 2. HP: 19/19 MP: 2/2
   870 | D:1      | 870 ||| UPGRADING to +0 chain mail.
   880 | D:1      | 880 ||| DROPPING +0 scale mail.
   881 | D:1      | 881 ||| READING scroll labelled YWULANAOGO.
   882 | D:1      | 882 ||| READING scroll labelled QILOLO AKE VI WUT.
   883 | D:1      | 883 ||| READING scroll labelled OTIERGH WAMUUDI.
   938 | D:2      | 938 ||| Stepping ~*~*~tactically~*~*~ (stealth).
  1028 | D:2      | Found a faded altar of an unknown god.
  1078 | D:2      | Reached skill level 3 in Axes
  1106 | D:2      | Noticed Jessica
  1107 | D:2      | 1107 ||| Stepping ~*~*~tactically~*~*~ (hiding).
  1108 | D:2      | 1108 ||| Stepping ~*~*~tactically~*~*~ (hiding).
  1110 | D:2      | 1110 ||| Stepping ~*~*~tactically~*~*~ (hiding).
  1124 | D:2      | Reached XP level 3. HP: 22/23 MP: 3/3
  1128 | D:2      | Killed Jessica
  1251 | D:2      | Found Zeidgh's Magic Scroll Shop.
  1260 | D:2      | 1260 ||| BUYING scroll of blinking (75 gold).
  1260 | D:2      | Bought a scroll of blinking for 75 gold pieces
  1260 | D:2      | 1260 ||| SHOPLISTING scroll of blinking (75 gold, have 20).
  1260 | D:2      | 1260 ||| BUYING scroll of identify (20 gold).
  1260 | D:2      | Bought a scroll of identify for 20 gold pieces
  1260 | D:2      | 1260 ||| SHOPLISTING scroll of identify (20 gold, have 0).
  1325 | D:2      | Found a shimmering blue altar of Sif Muna.
  1335 | D:2      | Reached XP level 4. HP: 22/28 MP: 4/4
  1658 | D:2      | 1658 ||| READING scroll labelled GUONAI DUNUARR.
  1662 | D:2      | 1662 ||| DRINKING 2 dark potions.
  1663 | D:2      | 1663 ||| READING 3 scrolls of identify.
  1663 | D:2      | 1663 ||| IDENTIFYING coppery potion
  1664 | D:2      | 1664 ||| READING 2 scrolls of identify.
  1664 | D:2      | 1664 ||| IDENTIFYING amethyst potion
  1665 | D:2      | 1665 ||| DROPPING potion of magic.
  1806 | D:3      | Reached skill level 1 in Throwing
  1811 | D:3      | 1811 ||| Stepping ~*~*~tactically~*~*~ (stealth).
  1812 | D:3      | 1812 ||| Stepping ~*~*~tactically~*~*~ (stealth).
  1830 | D:3      | Reached skill level 4 in Axes
  1984 | D:3      | 1984 ||| Stepping ~*~*~tactically~*~*~ (hiding).
  2107 | D:3      | 2107 ||| Stepping ~*~*~tactically~*~*~ (stealth).
  2137 | D:3      | Reached XP level 5. HP: 14/32 MP: 5/5
  2375 | D:3      | 2375 ||| FLEEEEING.
  2376 | D:3      | 2376 ||| FLEEEEING.
  2380 | D:3      | 2380 ||| FLEEEEING.
  2381 | D:3      | 2381 ||| FLEEEEING.
  2382 | D:3      | 2382 ||| FLEEEEING.
  2418 | D:3      | 2418 ||| DROPPING +3 whip.
  2702 | D:3      | 2702 ||| Stepping ~*~*~tactically~*~*~ (hiding).
  3052 | D:3      | 3052 ||| UPGRADING to +0 helmet.
  3057 | D:3      | 3057 ||| DROPPING amulet of magic regeneration.
  3058 | D:3      | 3058 ||| UPGRADING to ring of willpower.
  3059 | D:3      | 3059 ||| READING scroll labelled OFIHYM CYXTONE.
  3060 | D:3      | 3060 ||| READING scroll labelled XOTONE BETO.
  3061 | D:3      | 3061 ||| READING scroll labelled CEIROS FAFEHOTS.
  3062 | D:3      | 3062 ||| DRINKING 2 pink potions.
  3063 | D:3      | 3063 ||| READING 3 scrolls of identify.
  3063 | D:3      | 3063 ||| IDENTIFYING glowing yellow potion
  3064 | D:3      | 3064 ||| READING 2 scrolls of identify.
  3064 | D:3      | 3064 ||| IDENTIFYING metallic silvery potion
  3065 | D:3      | 3065 ||| DROPPING potion of ambrosia.
  3121 | D:4      | 3121 ||| STAIRDANCE
  3134 | D:4      | 3134 ||| STAIRDANCE
  3300 | D:4      | 3300 ||| STAIRDANCE
  3369 | D:4      | 3369 ||| FLEEEEING.
  3375 | D:4      | 3375 ||| STAIRDANCE
  3480 | D:4      | Reached skill level 5 in Axes
  3532 | D:4      | Reached XP level 6. HP: 37/37 MP: 6/6
  3544 | D:4      | 3544 ||| Stepping ~*~*~tactically~*~*~ (stealth).
  4543 | D:4      | 4543 ||| UPGRADING to +0 pair of gloves.
  4548 | D:4      | 4548 ||| READING scroll labelled OTECAI FESORI.
  4649 | D:4      | 4649 ||| READING 2 scrolls of identify.
  4649 | D:4      | 4649 ||| IDENTIFYING green potion
  4650 | D:4      | 4650 ||| DROPPING potion of flight.
  4670 | D:5      | Entered Level 5 of the Dungeon
  4675 | D:5      | Reached skill level 6 in Axes
  4675 | D:5      | Reached XP level 7. HP: 43/43 MP: 7/7
  4697 | D:5      | Reached skill level 1 in Dodging
  4897 | D:5      | Found a runed translucent door.
  4943 | D:5      | Noticed qw's ghost (amateur GrFi)
  5025 | D:5      | Found a staircase to the Ecumenical Temple.
  5026 | D:5      | 5026 ||| PLANNING TEMPLE
  5033 | D:5      | 5033 ||| UPGRADING to +0 plate armour.
  5034 | D:5      | 5034 ||| Stepping ~*~*~tactically~*~*~ (stealth).
  5121 | D:5      | 5121 ||| UPGRADING to +0 plate armour.
  5131 | D:5      | 5131 ||| DROPPING +0 chain mail.
  5132 | D:5      | 5132 ||| UPGRADING to ring of willpower.
  5133 | D:5      | 5133 ||| READING scroll labelled HAILIC TYNAPPE.
  5137 | Temple   | Entered the Ecumenical Temple
  5294 | Temple   | 5294 ||| PLANNING D:1-11
  5302 | Temple   | Became a worshipper of Warmaster Okawaru
  5423 | D:5      | 5423 ||| Stepping ~*~*~tactically~*~*~ (stealth).
  5424 | D:5      | 5424 ||| Stepping ~*~*~tactically~*~*~ (stealth).
  5429 | D:5      | 5429 ||| Stepping ~*~*~tactically~*~*~ (stealth).
  5456 | D:5      | 5456 ||| Stepping ~*~*~tactically~*~*~ (stealth).
  5563 | D:5      | Found a stormy altar of Qazlal.
  5563 | D:5      | Found a hazy altar of Hepliaklqana.
  5566 | D:5      | Found a shadowy altar of Dithmenos.
  5567 | D:5      | Found a basalt altar of Yredelemnul.
  5567 | D:5      | Found a radiant altar of Vehumet.
  5595 | D:5      | Reached skill level 7 in Axes
  5595 | D:5      | Reached XP level 8. HP: 33/48 MP: 8/8
  5757 | D:5      | 5757 ||| Stepping ~*~*~tactically~*~*~ (hiding).
  5758 | D:5      | 5758 ||| Stepping ~*~*~tactically~*~*~ (hiding).
  5939 | D:5      | 5939 ||| READING scroll of enchant weapon.
  5939 | D:5      | 5939 ||| ENCHANTING +1 war axe.
  5990 | D:5      | 5990 ||| FLEEEEING.
  5991 | D:5      | 5991 ||| FLEEEEING.
  5992 | D:5      | 5992 ||| FLEEEEING.
  5993 | D:5      | 5993 ||| FLEEEEING.
  5994 | D:5      | 5994 ||| FLEEEEING.
  5995 | D:5      | 5995 ||| FLEEEEING.
  5996 | D:5      | 5996 ||| FLEEEEING.
  5997 | D:5      | 5997 ||| FLEEEEING.
  5998 | D:5      | 5998 ||| FLEEEEING.
  5999 | D:5      | 5999 ||| FLEEEEING.
  6000 | D:5      | 6000 ||| FLEEEEING.
  6001 | D:5      | 6001 ||| FLEEEEING.
  6002 | D:5      | 6002 ||| FLEEEEING.
  6003 | D:5      | 6003 ||| FLEEEEING.
  6259 | D:6      | 6259 ||| PLANNING OSSUARY
  6267 | D:6      | Reached * piety under Okawaru
  6367 | D:6      | Reached skill level 1 in Invocations
  6484 | D:6      | 6484 ||| INVOKING Heroism.
  6751 | D:6      | Reached skill level 3 in Invocations
  6775 | D:6      | Found a sand-covered staircase.
  6780 | D:6      | 6780 ||| DRINKING 2 metallic orange potions.
  6781 | D:6      | 6781 ||| READING 2 scrolls of identify.
  6781 | D:6      | 6781 ||| IDENTIFYING cyan potion
  6785 | Ossuary  | Entered an ossuary
  6793 | Ossuary  | 6793 ||| Stepping ~*~*~tactically~*~*~ (stealth).
  6794 | Ossuary  | 6794 ||| Stepping ~*~*~tactically~*~*~ (stealth).
  6822 | Ossuary  | 6822 ||| INVOKING Heroism.
  6894 | Ossuary  | 6894 ||| INVOKING Heroism.
  6949 | Ossuary  | 6949 ||| INVOKING Heroism.
  6955 | Ossuary  | Reached skill level 8 in Axes
  6979 | Ossuary  | Reached XP level 9. HP: 46/54 MP: 11/11
  7157 | Ossuary  | 7157 ||| INVOKING Heroism.
  7175 | Ossuary  | 7175 ||| Stepping ~*~*~tactically~*~*~ (stealth).
  7184 | Ossuary  | 7184 ||| INVOKING Heroism.
  7231 | Ossuary  | 7231 ||| READING 2 scrolls labelled YMNECWELIO.
  7232 | Ossuary  | 7232 ||| DROPPING scroll of poison.
  7244 | D:6      | 7244 ||| PLANNING D:1-11
  7283 | D:6      | Reached skill level 6 in Fighting
  7688 | D:7      | 7688 ||| STAIRDANCE
  7691 | D:6      | 7691 ||| INVOKING Heroism.
  7692 | D:6      | HP: 8/55 [something (23)]
  7693 | D:6      | 7693 ||| READING 2 scrolls of teleportation.
  7694 | D:6      | 7694 ||| DRINKING 2 potions of heal wounds.
  7912 | D:7      | 7912 ||| INVOKING Heroism.
  7915 | D:7      | HP: 11/55 [wight/+4 battleaxe (7)]
  7916 | D:7      | 7916 ||| READING scroll of teleportation.
  7917 | D:7      | 7917 ||| DRINKING potion of heal wounds.
  7922 | D:7      | 7922 ||| Stepping ~*~*~tactically~*~*~ (stealth).
  7946 | D:7      | 7946 ||| INVOKING Heroism.
  8103 | D:7      | 8103 ||| INVOKING Heroism.
  8109 | D:7      | Reached skill level 9 in Axes
  8148 | D:7      | 8148 ||| Stepping ~*~*~tactically~*~*~ (hiding).
  8185 | D:7      | 8185 ||| Stepping ~*~*~tactically~*~*~ (stealth).
  8188 | D:7      | 8188 ||| Stepping ~*~*~tactically~*~*~ (stealth).
  8190 | D:7      | 8190 ||| Stepping ~*~*~tactically~*~*~ (stealth).
  8191 | D:7      | 8191 ||| Stepping ~*~*~tactically~*~*~ (stealth).
  8195 | D:7      | 8195 ||| Stepping ~*~*~tactically~*~*~ (stealth).
  8218 | D:7      | 8218 ||| Stepping ~*~*~tactically~*~*~ (stealth).
  8237 | D:7      | Reached ** piety under Okawaru
  8250 | D:7      | 8250 ||| INVOKING Heroism.
  8255 | D:7      | Reached skill level 6 in Armour
  8393 | D:7      | Noticed a red ugly thing
  8393 | D:7      | Noticed a six-headed hydra
  8393 | D:7      | Noticed a troll
  8394 | D:7      | 8394 ||| INVOKING Heroism.
  8395 | D:7      | 8395 ||| SWAPPING to +2 antimagic flail.
  8399 | D:7      | Noticed a deep elf pyromancer
  8400 | D:7      | 8400 ||| Stepping ~*~*~tactically~*~*~ (hiding).
  8401 | D:7      | HP: 11/56 [six-headed hydra (7)]
  8405 | D:7      | Slain by a six-headed hydra

Levels and vault maps discovered:
D:1:      kilobyte_arrival_exit_the_forest, layout_rooms, serial_forest,
          infiniplex_forest_clump_long, infiniplex_forest_end_double,
          infiniplex_forest_straight_1, infiniplex_forest_clump_curved,
          infiniplex_forest_straight_2
D:2:      kennysheep_the_goblin_king, layout_rooms, serial_shops,
          nicolae_lakefront_shop, shapermc_ecumenical_altar_notcrosses,
          basic_altar, kennysheep_small_spiral, hangedman_decor_riveting,
          uniq_jessica
D:3:      wad_river_or_something, layout_loops_ring
D:4:      layout_loops_corners
D:5:      layout_basic, grunt_temple_overflow_open,
          minmay_temple_entry_proselytizer, ebering_ghost_sewer_d,
          serial_corexii_hall, chequers_hall_statues_corner_a,
          chequers_hall_statues_wall_a, corexii_hall_statues_u
D:6:      layout_basic, nicolae_ossuary_entry_catacombs
D:7:      minmay_the_grid_octo_tiled_octocenter [minmay_the_grid_octo_clover,
          minmay_the_grid_octo_77, minmay_the_grid_octo_thin_diamonds,
          minmay_the_grid_octo_fat_diamond, minmay_the_grid_octo_prize_big_c,
          minmay_the_grid_square_5x5_bracketed,
          minmay_the_grid_square_5x5_sharp_hourglass,
          minmay_the_grid_square_5x5_misaligned,
          minmay_the_grid_square_5x5_fat_x], layout_rooms
Temple:   nicolae_temple_bog_church

Skill      XL: |  1  2  3  4  5  6  7  8  9 |
---------------+----------------------------+-----
Axes           | 2 3 4 5 6 7 8 9 |  9.0
Throwing       | 1 2 |  2.1
Fighting       | 4 5 6 |  6.7
Dodging        | 1 |  1.2
Armour         | 4 6 |  6.2
Invocations    | 3 4 |  4.2
Shields        | 4 |  4.0

Action                   |  1- 3 |  4- 6 |  7- 9 || total
-------------------------+-------+-------+-------++-------
Melee: War axe           |    69 |   174 |   293 ||   536
       Flail             |       |       |     9 ||     9
Throw: Javelin           |       |    47 |    46 ||    93
       Boomerang         |       |     4 |    14 ||    18
Invok: Heroism           |       |       |    12 ||    12
  Use: Scroll            |     3 |    10 |     6 ||    19
       Potion            |       |     2 |     3 ||     5
 Stab: Distracted        |       |       |     1 ||     1
Armor: Scale mail        |    12 |       |       ||    12
       Chain mail        |    35 |   137 |    17 ||   189
       Plate armour      |       |       |   203 ||   203
Dodge: Dodged            |    23 |    62 |    68 ||   153
Block: Buckler           |    13 |    26 |    51 ||    90

Table legend:
 A = Non-vault XP
 B = Vault XP
 C = Vault XP percentage of total XP
 D = Non-vault monster count
 E = Vault monster count
 F = Vault count percentage of total count
                 A         B        C        D         E       F
            +---------+---------+-------+---------+---------+-------
      Total |    2250 |    1980 |  46.8 |      94 |      79 |  45.7
            +---------+---------+-------+---------+---------+-------
        D:1 |      12 |       0 |   0.0 |       8 |       0 |   0.0
        D:2 |      23 |      51 |  68.9 |      13 |       8 |  38.1
        D:3 |     143 |      29 |  16.9 |      22 |       9 |  29.0
        D:4 |     313 |       0 |   0.0 |      22 |       0 |   0.0
        D:5 |     841 |      41 |   4.6 |      18 |       1 |   5.3
        D:6 |     687 |     365 |  34.7 |       9 |       6 |  40.0
        D:7 |     231 |    1051 |  82.0 |       2 |      16 |  88.9
    Ossuary |       0 |     443 | 100.0 |       0 |      39 | 100.0
            +---------+---------+-------+---------+---------+-------
